 Dungeon Crawl Stone Soup version 0.17-a0-1837-g7c6a762 (webtiles) character file.

109 ItsChayne the Chopper (level 4, -1/35 HPs)
             Began as a Demonspawn Berserker on Sept 14, 2015.
             Was a Believer of Trog.
             Killed by nerve-wracking pain
             ... invoked by an orc priest
              (8 damage)
             ... on level 3 of the Dungeon on Sept 15, 2015.
             The game lasted 00:35:22 (2367 turns).

ItsChayne the Chopper (Demonspawn Berserker)        Turns: 2367, Time: 00:35:22

Health: -1/35      AC: 13    Str: 18    XL:     4   Next: 60%
Magic:  4/4        EV:  8    Int:  9    God:    Trog [**....]
Gold:   133        SH:  0    Dex: 12    Spells: 0 memorised, 3 levels left

rFire  . . .     SeeInvis .     n - +2 dagger (elec)
rCold  . . .     Clarity  .     z - +0 chain mail
rNeg   . . .     SustAt   .     (no shield)
rPois  .         Gourm    .     (helmet restricted)
rElec  .         Spirit   .     (no cloak)
rCorr  .         Warding  .     (no gloves)
rMut   .         Stasis   .     J - +2 pair of boots
MR     +....                    (no amulet)
Stlth  ..........               N - ring of loudness (curse)
                                E - ring of protection from magic

@: somewhat resistant to hostile enchantments, extremely unstealthy
A: horns 1, slimy green scales 1, nightstalker 1
a: Burn Spellbooks, Berserk, Trog's Hand, Renounce Religion


You were on level 3 of the Dungeon.
You worshipped Trog.
Trog was pleased with you.
You were not hungry.

You visited 1 branch of the dungeon, and saw 3 of its levels.

You collected 133 gold pieces.

Inventory:

Hand weapons
 a - a +0 hand axe
 n - a +2 dagger of electrocution (weapon)
 S - a +0 hunting sling
 T - a +0 great mace
Missiles
 f - 118 stones
 k - a throwing net (quivered)
 q - 20 exploding sling bullets
Armour
 b - a +0 animal skin
 s - a +0 chain mail
 u - a +0 ring mail
 z - a +0 chain mail (worn)
 A - a +0 leather armour
 F - a +0 chain mail
 G - a +0 cloak
 I - a +2 robe
 J - a +2 pair of boots (worn)
Jewellery
 E - a ring of protection from magic (left hand)
 N - a cursed ring of loudness (right hand)
Scrolls
 e - 3 scrolls of amnesia {unknown}
 t - a scroll of teleportation {unknown}
 y - a scroll of identify {unknown}
 Q - a scroll of noise {unknown}
 R - a scroll of immolation {unknown}
Potions
 i - a potion of resistance {unknown}
 l - a potion of brilliance {unknown}
 o - a potion of mutation {unknown}
 p - 2 potions of curing {unknown}
 C - 2 potions of agility
 K - a potion of degeneration {unknown}
 M - a potion of heal wounds {unknown}
Comestibles
 c - a chunk of flesh
 B - 3 bread rations
 L - 3 fruits


   Skills:
 + Level 3.4 Fighting
 + Level 0.1 Short Blades
 + Level 3.5 Axes
 + Level 2.1 Armour
 + Level 2.8 Dodging
 + Level 1.0 Stealth


You had 3 spell levels left.
You didn't know any spells.

Dungeon Overview and Level Annotations

Branches:
Dungeon (3/15)

Altars:
Gozag

Shops:
D:3 *


Innate Abilities, Weirdness & Mutations

You have a pair of small horns on your head.
You are partially covered in slimy green scales (AC +2).
You are slightly more attuned to the shadows.


Message History

You see here a rat skeleton.
There isn't anything to butcher here.
Some of the chunks of flesh in your inventory have rotted away.
There is an escape hatch in the floor here.
An orc comes into view. It is wielding a mace of protection.
The orc shouts!
An orc priest comes into view. It is wielding a dagger.
The orc priest moves out of view.
An orc comes into view. It is wielding a short sword.
The orc shouts!
The orc priest invokes the aid of Beogh against you.
Something smites you! The orc completely misses you.
The orc priest calls down the wrath of Beogh upon you.
Something smites you!
* * * LOW HITPOINT WARNING * * *
The orc priest miscasts a cantrip.
The orc hits you but does no damage.
The orc priest mumbles some strange prayers to Beogh against you.
Pain shoots through your body!
You die...

#....##.# #...# #.##.##.#
#...# #.##.##.### #...#
########.##......# #...##
#...........##.#.#####.....
#..#..##.##..#.#...........
#.###....##o...............
#..#..#####oo###...........
#.........@..# #.#####...##
###########......# #.....
##.##### #...## #.# #.....#
#.# #.###.# #.# #.#


You could see an orc priest and 2 orcs.

Vanquished Creatures
  Jessica (D:2)
  2 adders (D:2)
  3 worms (D:2)
  3 giant geckos
  An orc (D:3)
  4 bats
  5 giant cockroaches
  9 goblins
  8 hobgoblins
  2 jackals (D:3)
  3 giant newts
  5 kobolds
  4 rats
50 creatures vanquished.

Vanquished Creatures (others)
  A plant (D:3)
1 creature vanquished.

Grand Total: 51 creatures vanquished

Notes
Turn   | Place    | Note
--------------------------------------------------------------
     0 | D:1      | ItsChayne the Demonspawn Berserker began the quest for the Orb.
     0 | D:1      | Reached XP level 1. HP: 18/18 MP: 1/1
   386 | D:1      | Gained mutation: You have a pair of small horns on your head. [demonic ancestry]
   386 | D:1      | Reached XP level 2. HP: 21/24 MP: 2/2
   494 | D:1      | Upgraded the game from 0.17-a0-1834-gef58047 to 0.17-a0-1837-g7c6a762
   735 | D:1      | Acquired Trog's second power
   812 | D:1      | Gained mutation: You are slightly more attuned to the shadows. [demonic ancestry]
   812 | D:1      | Reached XP level 3. HP: 18/29 MP: 3/3
  1321 | D:2      | Noticed Jessica
  1332 | D:2      | Killed Jessica
  1332 | D:2      | Gained mutation: You are partially covered in slimy green scales (AC +2). [demonic ancestry]
  1332 | D:2      | Reached XP level 4. HP: 19/35 MP: 4/4
  1334 | D:2      | Reached skill level 1 in Stealth
  2047 | D:3      | Found Gozag's Platinum Reserve.
  2169 | D:3      | Found an opulent altar of Gozag.
  2367 | D:3      | Killed from afar by an orc priest

Vault maps used:
D:1:      lemuel_arrival_cross
D:2:      corner_web_ring, uniq_jessica
D:3:      nicolae_gozag_zags_fifth_avenue, grunt_temple_overflow_open,
          yredelemnul_altar_generic, first_bread, st_stairs_3

Action                   |  1- 3 |  4- 6 || total
-------------------------+-------+-------++-------
Melee: Hand axe          |    76 |       ||    76
       Dagger            |    35 |    34 ||    69
Throw: Throwing net      |       |     1 ||     1
 Stab: Sleeping          |     3 |       ||     3
  Eat: Bread ration      |     1 |       ||     1
